 Dungeon Crawl Stone Soup version 0.21-a0-536-gdbbf329 (webtiles) character file.

4820 Amnesiac the Geomancer (level 10, -4/63 HPs)
             Began as a Deep Elf Earth Elementalist on Dec 14, 2017.
             Was a Believer of Sif Muna.
             Killed from afar by a gargoyle (22 damage)
             ... with a stone arrow
             ... on level 8 of the Dungeon.
             The game lasted 00:21:04 (9754 turns).

Amnesiac the Geomancer (DEEE)                       Turns: 9754, Time: 00:21:04

Health: -4/63      AC:  5    Str:  8    XL:     10   Next: 24%
Magic:  17/24      EV: 16    Int: 24    God:    Sif Muna [**....]
Gold:   432        SH: 10    Dex: 15    Spells: 11/26 levels left

rFire    . . .     SeeInvis .   a - +2 falchion (elec)
rCold    . . .     Gourm    .   (no shield)
rNeg     . . .     Faith    .   c - +0 robe
rPois    .         Spirit   .   (helmet restricted)
rElec    .         Reflect  +   (no cloak)
rCorr    .         Harm     .   E - +0 pair of gloves
MR       +....     Clarity  +   n - +0 pair of boots
Stlth    +.........             h - +6 amulet of reflection
HPRegen  0.20/turn              q - +3 ring of strength
MPRegen  0.19/turn              k - ring of loudness

@: very slightly contaminated, divine energy
A: horns 2, large bone plates 1, thin metallic scales 1, blurry vision 1,
clarity, deformed body, sense surroundings 1, wild magic 1
a: Stop Divine Energy, Renounce Religion


You were on level 8 of the Dungeon.
You worshipped Sif Muna.
Sif Muna was pleased with you.
You were very hungry.

You visited 2 branches of the dungeon, and saw 9 of its levels.

You collected 432 gold pieces.

Inventory:

Hand Weapons
 a - a +2 falchion of electrocution (weapon)
 b - a +0 blowgun
Missiles
 j - 47 poisoned needles
 r - 3 curare-tipped needles
 z - 148 stones (quivered)
Armour
 c - a +0 robe (worn)
 n - a +0 pair of boots (worn)
 E - a +0 pair of gloves (worn)
 I - a +0 helmet
Magical Staves
 G - an uncursed staff of death
Jewellery
 h - a +6 amulet of reflection (around neck)
 k - a ring of loudness (right hand)
 q - a +3 ring of strength (left hand)
 H - a +2 ring of dexterity {unknown}
Scrolls
 f - 8 scrolls of teleportation {!r}
 i - 4 scrolls of amnesia {!r}
 m - 4 scrolls of remove curse {!r}
 s - 2 scrolls of enchant weapon {!r}
 u - 3 scrolls of enchant armour {!r}
 w - 2 scrolls of fear {!r}
 x - a scroll of magic mapping {!r}
 A - 4 scrolls of identify {!r}
 F - a scroll of random uselessness {!r, unknown}
 J - a scroll of fog {!r, unknown}
 M - a scroll of summoning {!r, unknown}
Potions
 l - 2 potions of curing {!q}
 p - 2 potions of mutation {!q}
 t - 2 potions of invisibility {!q}
 v - 2 potions of resistance {!q}
 B - 2 potions of agility {!q, unknown}
 C - a potion of magic {!q}
 D - a potion of might {!q}
 K - a potion of brilliance {!q, unknown}
 L - a potion of degeneration {!q, unknown}
Books
 e - a book of Geomancy

   Spells                             Type                      Level
   a - Sandblast                      Earth                        1
   b - Passwall                       Transmutation/Earth          2
   c - Stone Arrow                    Conjuration/Earth            3
   d - Petrify                        Transmutation/Earth          4
   e - Lee's Rapid Deconstruction     Earth                        5
 y - a book of Cantrips

   Spells                             Type                      Level
   a - Confusing Touch                Hexes                        1
   b - Animate Skeleton               Necromancy                   1
   c - Summon Small Mammal            Summoning                    1
   d - Apportation                    Translocation                1
Comestibles
 d - 7 bread rations
 g - 3 meat rations


   Skills:
 - Level 7.0 Fighting
 - Level 7.0 Dodging
 - Level 2.4 Stealth
 + Level 8.7 Spellcasting
 - Level 1.1 Transmutations
 * Level 10.7 Earth Magic


You had 11 spell levels left.
You knew the following spells:

 Your Spells              Type           Power        Failure   Level  Hunger
a - Stone Arrow           Conj/Erth      #####.       3%          3    None
b - Passwall              Tmut/Erth      ######....   1%          2    None
c - Sandblast             Erth           ######       1%          1    None
d - Lee's Rapid Deconstr  Erth           ######....   3%          5    ####...
e - Petrify               Tmut/Erth      ######..     9%          4    ##.....


Dungeon Overview and Level Annotations

Branches:
Dungeon (8/15)             Temple (1/1) D:7
   Lair: D:8-11

Altars:
Dithmenos
Elyvilon
Hepliaklqana
Kikubaaqudgha
Sif Muna
Trog
Vehumet
Wu Jian
Zin


Innate Abilities, Weirdness & Mutations

You have a pair of horns on your head.
You are partially covered in large bone plates. (SH +4)
You are partially covered in thin metallic scales. (AC +2)
Scrolls take you a little longer to read.
You possess an exceptional clarity of mind.
Armour fits poorly on your strangely shaped body.
You passively map a small area around you.
Your spells are a little harder to cast, but a little more powerful.


Message History

Things that are here:
an enchanted scimitar; a robe A two-headed ogre comes into view.
It is wielding a giant spiked club and a giant club.
The two-headed ogre shouts in stereo!
You block the wyvern's attack. The wyvern completely misses you.
Casting: Petrify
Confirm with . or Enter, or press ? or * to list all spells.
Aiming: Petrify
Press: ? - help, Shift-Dir - straight line, f/p - wyvern
Aim: a wyvern (moderately wounded, chance to defeat MR: 72%)
The wyvern is moving more slowly.
Sif Muna grants you divine energy.
You briefly lose access to your magic!
The wyvern bites you!
* * * LOW HITPOINT WARNING * * *
The wyvern stops moving altogether!
You regain access to your magic.
Casting: Petrify
Confirm with . or Enter, or press ? or * to list all spells.
Aiming: Lee's Rapid Deconstruction
Press: ? - help, Dir - move target cursor, f/p - wyvern Fragment what (e.g. wall or brittle monster)?: a wyvern (moderately wounded, petrified)
You miscast Lee's Rapid Deconstruction.
You are very lightly contaminated with residual magic.
Sand pours from your hands.
You are feeling hungry.
Sif Muna grants you divine energy.
You briefly lose access to your magic!
A worker ant comes into view.
Okay, then.
Okay, then.
Okay, then.
Okay, then.
Unknown command.
Really quaff
C - 2 potions of magic {!q}?
Magic courses through your body.
The worker ant moves out of view.
You regain access to your magic.
Casting: Lee's Rapid Deconstruction
Confirm with . or Enter, or press ? or * to list all spells.
Aiming: Lee's Rapid Deconstruction
Press: ? - help, Dir - move target cursor, f/p - wyvern Fragment what (e.g. wall or brittle monster)?: a wyvern (moderately wounded, petrified)
You miscast Lee's Rapid Deconstruction.
You momentarily stiffen.
Unknown command.
Unknown command.
Casting: Lee's Rapid Deconstruction
Confirm with . or Enter, or press ? or * to list all spells.
Aiming: Lee's Rapid Deconstruction
Press: ? - help, Dir - move target cursor, f/p - wyvern Fragment what (e.g. wall or brittle monster)?: a wyvern (moderately wounded, petrified)
The wyvern shatters!
You blow up the wyvern!
Sif Muna accepts your kill.
You are feeling very hungry.
You hear an angry hiss.
Okay, then.
A centaur zombie comes into view.
Things that are here:
an enchanted scimitar; a robe A gargoyle comes into view.
It is wielding a dire flail.
The gargoyle hurls a stone arrow at you.
The stone arrow hits you!
You die...

*##..####.##..###...##.........#
#.......##..###...##...)######
,,..................##>...#
#...###.##..####..##....#
#...###)##..#####.##....######
..............# #.##..........
##..#.#.##..#.###.##....######
.......†.).))......%....###### *
.#.#.#.###..@................
.....#.###.#.###9#%..#.......
................#.#...#.######
#.#.....###.................,, *
..........#.#.#.......#.## *
*...#####...#.#.#.....#.# * ##..
######.#.#.#.....# # ,
.................... *
#######.#.###..#..###


You could see a gargoyle.

Vanquished Creatures
  A two-headed ogre (D:8)
  A gargoyle (D:8)
  A hippogriff (D:7)
  A wyvern (D:8)
  A steam dragon (D:7)
  Eustachio (D:4)
  2 insubstantial wisps (D:7)
  A water moccasin (D:8)
  3 black bears
  3 sky beasts
  2 ice beasts
  3 ogres
  A phantom (D:3)
  2 necrophages
  A big kobold (D:6)
  5 bullfrogs
  A scorpion (D:5)
  3 killer bees (D:7)
  6 wights
  2 howler monkeys (D:5)
  3 crimson imps
  A quasit (D:6)
  3 hounds
  A bullfrog skeleton (D:7)
  5 orc priests
  A centaur skeleton (D:8)
  2 iguanas
  4 orc wizards (D:5)
  5 worker ants
  2 hound skeletons
  4 gnolls (D:5)
  12 adders
  2 shadow imps
  An ooze (D:7)
  8 worms
  A dart slug (D:1)
  8 leopard geckos
  15 orcs
  3 giant cockroaches
  4 goblins (D:1)
  7 hobgoblins
  12 jackals
  A quokka (D:4)
  A ball python (D:3)
  13 bats
  7 frilled lizards
  A jackal zombie (D:5)
  11 kobolds
  4 rats
  A plant (D:1)
184 creatures vanquished.

Vanquished Creatures (others)
  A kobold (D:7)
1 creature vanquished.

Grand Total: 185 creatures vanquished

Notes
Turn   | Place    | Note
-------+----------+-------------------------------------------
     0 | D:1      | Amnesiac the Deep Elf Earth Elementalist began the quest for the Orb.
     0 | D:1      | Reached XP level 1. HP: 10/10 MP: 6/6
   627 | D:1      | Reached skill level 1 in Fighting
   764 | D:1      | Reached XP level 2. HP: 5/16 MP: 6/8
   923 | D:1      | Learned a level 2 spell: Passwall
  2027 | D:2      | Reached XP level 3. HP: 22/22 MP: 6/9
  2032 | D:2      | Learned a level 3 spell: Stone Arrow
  2540 | D:2      | Reached XP level 4. HP: 13/27 MP: 0/10
  2792 | D:2      | You fall through a shaft!
  3486 | D:3      | Reached XP level 5. HP: 32/32 MP: 5/12
  4544 | D:3      | Noticed a phantom
  4813 | D:3      | Killed a phantom
  4813 | D:3      | Reached skill level 4 in Earth Magic
  4813 | D:3      | Reached XP level 6. HP: 36/38 MP: 1/14
  5542 | D:4      | Noticed Eustachio
  5554 | D:4      | Killed Eustachio
  5803 | D:5      | Entered Level 5 of the Dungeon
  5804 | D:5      | Noticed an ice beast
  5839 | D:5      | Reached XP level 7. HP: 16/44 MP: 0/16
  5953 | D:5      | Reached skill level 5 in Spellcasting
  6013 | D:5      | Learned a level 5 spell: Lee's Rapid Deconstruction
  6018 | D:5      | Learned a level 4 spell: Petrify
  6091 | D:5      | Reached skill level 5 in Earth Magic
  6106 | D:5      | Found a hazy altar of Hepliaklqana.
  6118 | D:5      | Reached skill level 5 in Fighting
  6120 | D:5      | Reached skill level 5 in Dodging
  6365 | D:5      | Reached XP level 8. HP: 24/50 MP: 1/17
  7535 | D:6      | Reached skill level 6 in Earth Magic
  7789 | D:6      | Found a shadowy altar of Dithmenos.
  8292 | D:7      | Reached XP level 9. HP: 18/56 MP: 4/18
  8320 | D:7      | Found a staircase to the Ecumenical Temple.
  8327 | Temple   | Entered the Ecumenical Temple
  8335 | Temple   | Became a worshipper of Sif Muna the Loreminder
  8464 | D:6      | Reached skill level 7 in Earth Magic
  8631 | D:6      | Gained mutation: You are agile. (Dex +2) [mutagenic meat]
  8632 | D:6      | Gained mutation: You are partially covered in large bone plates. (SH +4) [mutagenic meat]
  8633 | D:6      | Lost mutation: You are agile. (Dex +2) [mutagenic meat]
  8634 | D:6      | Gained mutation: You are frail. (-10% HP) [mutagenic meat]
  8635 | D:6      | Gained mutation: You passively map a small area around you. [mutagenic meat]
  8637 | D:6      | Gained mutation: You have a pair of small horns on your head. [mutagenic meat]
  8638 | D:6      | Gained mutation: Your spells are a little harder to cast, but a little more powerful. [mutagenic meat]
  8639 | D:6      | Gained mutation: Scrolls take you a little longer to read. [mutagenic meat]
  8640 | D:6      | Lost mutation: You are frail. (-10% HP) [mutagenic meat]
  9027 | D:7      | Reached skill level 8 in Earth Magic
  9210 | D:7      | Reached * piety under Sif Muna
  9287 | D:7      | Gained mutation: You have a pair of horns on your head. [mutagenic meat]
  9288 | D:7      | Gained mutation: You possess an exceptional clarity of mind. [mutagenic meat]
  9289 | D:7      | Gained mutation: You are partially covered in thin metallic scales. (AC +2) [mutagenic meat]
  9290 | D:7      | Gained mutation: Armour fits poorly on your strangely shaped body. [mutagenic meat]
  9304 | D:7      | Reached skill level 9 in Earth Magic
  9646 | D:8      | Noticed a two-headed ogre
  9651 | D:8      | Killed a two-headed ogre
  9651 | D:8      | Reached ** piety under Sif Muna
  9651 | D:8      | Reached skill level 10 in Earth Magic
  9651 | D:8      | Reached XP level 10. HP: 63/63 MP: 6/24
  9681 | D:8      | Noticed a gargoyle
  9707 | D:8      | Killed a gargoyle
  9721 | D:8      | Noticed a two-headed ogre
  9754 | D:8      | Noticed a gargoyle
  9754 | D:8      | Killed from afar by a gargoyle

Vault maps used:
D:1:      lightli_arrival_lavapool, serial_bayou, serial_bayou_pond_a,
          serial_bayou_pond_e, serial_bayou_lagoon_a, serial_bayou_pond_b
D:3:      first_bread
D:4:      uniq_eustachio
D:5:      old_standard_altar, cheibrodos_sewer_entry_bend, grunt_decor_fettered
D:6:      basic_altar
D:7:      temple_green, hangedman_misty_isle
D:8:      minmay_the_grid_square_5x5_3x3, david_lair_shrubbed
Temple:   compressed_dpeg_circular_temple

Skill      XL: |  1  2  3  4  5  6  7  8  9 |
---------------+----------------------------+-----
Fighting       | 1 2 3 4 5 6 7 |  7.0
Dodging        | 3 4 5 6 7 |  7.0
Spellcasting   | 4 5 8 |  8.7
Earth Magic    | 4 5 6 10 | 10.7
Stealth        | |  2.4
Transmutations | |  1.1

Action                   |  1- 3 |  4- 6 |  7- 9 | 10-12 || total
-------------------------+-------+-------+-------+-------++-------
Melee: Unarmed           |    39 |       |       |       ||    39
       Dagger            |   273 |   148 |       |       ||   421
       Whip              |       |    46 |       |       ||    46
       Falchion          |       |    19 |   132 |    19 ||   170
       Headbutt          |       |       |     3 |     6 ||     9
 Fire: Blowgun           |       |       |     7 |       ||     7
 Cast: Sandblast         |    23 |    12 |    19 |       ||    54
       Passwall          |     4 |     1 |       |       ||     5
       Stone Arrow       |     2 |    46 |    54 |     3 ||   105
       Lee's Rapid Decon |       |       |     8 |     3 ||    11
       Petrify           |       |       |     1 |     3 ||     4
Invok: Divine Energy     |       |       |       |     1 ||     1
  Use: Potion            |       |     2 |       |     1 ||     3
       Scroll            |       |     1 |    11 |       ||    12
 Stab: Sleeping          |     4 |     7 |     1 |       ||    12
       Petrified         |       |       |    12 |       ||    12
       Petrifying        |       |       |       |     1 ||     1
  Eat: Chunk             |     6 |    14 |    26 |       ||    46
       Royal jelly       |       |       |     3 |       ||     3
Armor: Robe              |    34 |    47 |    18 |     3 ||   102
Dodge: Dodged            |   105 |   170 |   106 |    22 ||   403
Block: Other             |    37 |    76 |    45 |    19 ||   177
       Reflection        |     1 |       |     3 |       ||     4
       Rpst.: Falchion   |       |     5 |    34 |     7 ||    46

Table legend:
 A = Spawn XP
 B = Non-spawn XP
 C = Spawn XP percentage of total XP
 D = Spawn monster count
 E = Non-spawn monster count
 F = Spawn count percentage of total count
 G = Total turns spent on level
                    A         B        C        D         E        F      G
               +---------+---------+-------+---------+---------+-------+---------
         Total |       0 |    6887 |   0.0 |       0 |     183 |   0.0 |  9754
               +---------+---------+-------+---------+---------+-------+---------
           D:1 |       0 |      39 |   0.0 |       0 |      23 |   0.0 |  2024
           D:2 |       0 |      91 |   0.0 |       0 |      22 |   0.0 |  1263
           D:3 |       0 |     346 |   0.0 |       0 |      39 |   0.0 |  2123
           D:4 |       0 |     223 |   0.0 |       0 |       8 |   0.0 |   581
           D:5 |       0 |    1108 |   0.0 |       0 |      32 |   0.0 |  1517
           D:6 |       0 |     732 |   0.0 |       0 |      13 |   0.0 |   903
           D:7 |       0 |    2083 |   0.0 |       0 |      33 |   0.0 |  1158
           D:8 |       0 |    2265 |   0.0 |       0 |      13 |   0.0 |   169
               +---------+---------+-------+---------+---------+-------+---------
